Map: Eastwatch LE

Players

kauP

  • Race: Terran Terran
  • Spawn Location: 1:00

Yours - Winner!

  • Race: Zerg Zerg
  • Spawn Location: 7:00

Event: WCS Leipzig 2018

VOD

Have the link to the VOD?

Description

Time

  • Played on: Jan. 26, 2018, 2:22 p.m.
  • Length: 27:27

All games in this series

Show
View Real Time Build Order
Export as new Build Order

kauP Terran 

Build Orders: Reaper Expand, Bio Tank, Hellion Banshee, Mech 

Get SALT Encoding   

  12  0:00  SCV  
  13  0:13  SCV  
  14  0:17  Supply Depot  
  14  0:25  SCV  
  15  0:38  SCV  
  15  0:40  Barracks  
  16  0:45  Refinery  
  16  0:51  SCV  
  17  1:03  SCV  
  18  1:15  SCV  
  19  1:29  Orbital Command, Reaper  
  20  1:39  Command Center  
  20  1:50  Refinery  
  20  1:56  SCV, Supply Depot  
  21  2:05  Factory  
  21  2:09  SCV  
  22  2:20  Barracks Reactor  
  23  2:22  SCV  
  23  2:35  SCV  
  24  2:51  SCV, Starport  
  24  2:55  Orbital Command  
  25  3:05  Hellion x2, Barracks Tech Lab  
  29  3:09  SCV  
  30  3:21  SCV  
  30  3:23  SCV  
  30  3:26  Hellion x2  
  36  3:33  SCV, Banshee, Cloaking Field  
  40  3:37  SCV  
  41  3:42  Supply Depot  
  41  3:45  SCV  
  41  3:48  Hellion x2  
  46  4:03  SCV x2  
  46  4:04  Supply Depot  
  46  4:05  Supply Depot  
  48  4:13  Hellion x2  
  48  4:15  SCV x2  
  54  4:17  Armory  
  54  4:23  Supply Depot  
  54  4:30  Banshee  
  56  4:33  SCV  
  56  4:34  Hellion x2  
  61  4:40  SCV  
  61  4:43  Barracks Tech Lab  
  63  4:45  SCV  
  63  4:48  Supply Depot  
  63  4:52  SCV, Refinery  
  64  4:55  Hellion x2  
  64  4:57  SCV  
  69  5:04  SCV  
  70  5:09  SCV  
  69  5:17  Hellion x2  
  57  5:24  Hellion x2, Banshee  
  57  5:27  Marine, Stimpack  
  63  5:31  Command Center  
  63  5:44  Engineering Bay x2  
  63  5:49  SCV x2  
  65  5:56  Barracks  
  65  5:57  Barracks  
  65  6:00  Factory Reactor  
  65  6:01  SCV x2  
  62  6:12  Terran Infantry Weapons Level 1, Terran Infantry Armor Level 1  
  62  6:14  Marine  
  63  6:20  Barracks  
  63  6:22  Barracks  
  63  6:23  Refinery  
  63  6:24  Starport Reactor, Terran Vehicle Weapons Level 1  
  63  6:32  Marine  
  64  6:36  SCV x2  
  64  6:39  Supply Depot  
  66  6:44  Orbital Command  
  63  6:49  SCV, Marine  
  63  6:50  SCV  
  66  6:54  Marine  
  66  6:55  Marine  
  66  7:00  Siege Tank  
  71  7:06  SCV  
  71  7:07  SCV, Marine x2  
  71  7:08  Marine, Barracks Reactor  
  76  7:09  Barracks Reactor  
  76  7:12  Orbital Command  
  76  7:13  Factory, Marine  
  76  7:14  Marine, Factory  
  78  7:22  SCV x2, Supply Depot, Armory  
  80  7:25  Marine x3  
  83  7:35  Marine x2  
  83  7:36  Combat Shields  
  85  7:38  Medivac, Siege Tank  
  85  7:39  Medivac  
  85  7:43  Marine x2  
  94  7:46  SCV x2  
  94  7:50  Marine x4  
  100  7:51  Supply Depot, Command Center  
  100  8:00  Refinery, Factory Tech Lab x2  
  100  8:01  SCV  
  100  8:02  SCV x2, Refinery  
  100  8:04  Supply Depot  
  103  8:06  Marine x4  
  107  8:14  SCV  
  107  8:15  Supply Depot, Terran Infantry Weapons Level 2  
  107  8:16  Supply Depot  
  108  8:28  Terran Infantry Armor Level 2  
  108  8:29  Supply Depot  
  108  8:31  SCV x2  
  110  8:34  Supply Depot, Terran Vehicle Weapons Level 2  
  110  8:36  Marine x6  
  110  8:37  Marine x2  
  118  8:48  Siege Tank  
  118  8:50  Siege Tank  
  124  8:59  Marine x5  
  124  9:00  Marine, Siege Tank  
  131  9:04  Barracks x2  
  126  9:10  SCV x2  
  126  9:14  Command Center  
  128  9:20  Marine x2, Siege Tank  
  128  9:22  SCV x2  
  128  9:23  Siege Tank  
  138  9:29  Sensor Tower  
  134  9:42  SCV x3  
  134  9:44  Marine x4  
  134  9:45  Marine  
  142  9:47  Orbital Command  
  142  9:52  Marine x3  
  145  10:00  Missile Turret  
  145  10:02  Medivac x2, Siege Tank x3  
  158  10:08  Barracks Tech Lab, Ghost Academy  
  158  10:18  Marine x2  
  160  10:34  Siege Tank x2  
  166  10:39  Command Center  
  166  10:40  Siege Tank  
  168  10:51  Medivac x2  
  172  11:04  Terran Vehicle Weapons Level 3  
  172  11:05  Marine x6  
  172  11:06  Marine x5, Siege Tank  
  172  11:08  Orbital Command  
  186  11:23  Marine x2, Ghost x2  
  179  11:56  Orbital Command, Ghost x2  
  183  12:04  Orbital Command  
  183  12:05  Marine x4  
  183  12:06  Command Center x2  
  176  12:22  SCV x3  
  177  12:24  Ghost x2  
  172  12:32  Terran Infantry Weapons Level 3  
  172  12:33  Marine x2  
  172  12:34  Terran Infantry Armor Level 3, Marine x2  
  172  12:35  Supply Depot  
  176  12:37  Supply Depot  
  176  12:53  Ghost  
  177  13:10  Supply Depot  
  172  13:20  Liberator  
  172  13:21  Liberator  
  172  13:26  Command Center x2  
  162  13:36  Ghost x2  
  162  13:39  Orbital Command x2, Siege Tank  
  166  14:04  Ghost x2  
  166  14:06  Command Center  
  162  14:20  SCV x3  
  165  14:33  Ghost x2  
  169  14:39  Marine x6  
  169  14:44  SCV  
  169  14:45  SCV x2  
  177  14:59  Marine x4  
  175  15:01  Ghost x2  
  175  15:08  Command Center  
  168  15:30  Ghost x2  
  168  15:33  Liberator x2  
  172  15:41  Supply Depot, Orbital Command  
  171  15:58  Ghost x2  
  172  16:15  Missile Turret  
  172  16:16  Liberator x2  
  172  16:17  Missile Turret  
  166  16:18  Missile Turret  
  166  16:24  Barracks Tech Lab  
  166  16:27  Ghost x2  
  167  16:55  Ghost  
  167  16:56  Refinery x2, Ghost  
  167  16:58  Command Center  
  167  16:59  Command Center  
  162  17:01  Supply Depot  
  162  17:02  Engineering Bay  
  160  17:24  Planetary Fortress, Ghost x2  
  160  17:28  SCV x4  
  168  17:30  Viking x2  
  172  17:42  Starport  
  172  17:45  Starport  
  169  18:00  Viking, Medivac  
  153  18:15  Marine x4  
  153  18:16  Marine x5  
  158  18:25  Marine x2  
  160  18:30  Medivac  
  160  18:33  Marine x5  
  165  18:38  Marine x2  
  165  18:39  Siege Tank x3  
  165  18:40  Medivac x2  
  180  18:50  Marine x2  
  180  18:51  Marine x3  
  185  18:59  Marine x5  
  175  19:35  Marine  
  175  19:36  Marine x7, Siege Tank  
  175  19:37  Medivac x2, Siege Tank  
  142  19:43  Marine x3  
  123  19:53  Marine  
  118  20:03  Marine  
  118  20:04  Marine x5  
  104  20:07  Marine  
  104  20:08  Medivac, Siege Tank  
  104  20:09  Siege Tank  
  104  20:13  Marine x3  
  108  20:31  Marine  
  108  20:32  Marine x6  
  115  20:39  Orbital Command  
  115  20:43  Marine  
  115  20:49  Orbital Command  
  100  20:59  Marine  
  100  21:00  Marine  
  100  21:01  Marine x2  
  96  21:13  Viking  
  96  21:17  Viking  
  100  21:29  Viking  
  102  21:55  Ghost x3  
  102  21:57  Marine  
  107  22:08  Refinery  
  107  22:09  Refinery  
  101  22:23  Ghost  
  101  22:25  Marine  
  101  22:26  Marine  
  101  22:27  Viking x3  
  110  22:39  Viking, Marine  
  110  22:40  Marine  
  105  22:53  Ghost  
  105  22:55  Siege Tank  
  105  22:57  Viking  
  94  22:59  Orbital Command  
  55  23:13  Ghost  
  55  23:14  Ghost, Marine x2  
  57  23:37  Marine  
  57  23:38  Marine x2  
  60  23:45  Ghost  
  58  24:12  Ghost  
  57  24:31  Orbital Command  
  57  24:32  Marine x4  
  57  24:37  Marine  
  60  24:55  Orbital Command  
  58  25:20  Ghost  
  58  25:29  SCV x3  
  52  25:46  Ghost x2  
  52  25:47  Marine x2  
  54  26:10  Ghost  
  56  26:11  Marine x4  
  56  26:15  Ghost  
  62  26:19  Marine x3  
  54  26:44  Marine  
  54  26:45  Marine  
  56  26:59  Orbital Command  
Show
View Real Time Build Order
Export as new Build Order

Yours Zerg - Winner!

Build Orders: Hatch First 

Get SALT Encoding   

  12  0:00  Drone  
  13  0:12  Overlord  
  13  0:16  Drone  
  14  0:30  Drone x2  
  14  0:35  Drone  
  17  0:52  Hatchery  
  17  0:54  Drone  
  17  0:57  Drone  
  18  1:09  Extractor  
  17  1:12  Spawning Pool  
  17  1:15  Drone  
  17  1:18  Drone  
  18  1:27  Drone  
  19  1:38  Overlord  
  19  1:58  Queen  
  19  1:59  Zergling x2  
  19  2:00  Zergling x2  
  23  2:03  Queen  
  23  2:04  Zergling x2  
  26  2:08  Metabolic Boost  
  26  2:22  Drone x2  
  28  2:27  Drone x2  
  30  2:32  Overlord  
  30  2:35  Drone  
  31  2:37  Queen  
  31  2:42  Drone  
  34  2:46  Drone  
  34  2:48  Pneumatized Carapace  
  35  2:57  Drone  
  35  2:58  Drone  
  37  3:06  Drone  
  38  3:15  Drone x2  
  38  3:19  Hatchery, Overlord  
  39  3:23  Drone  
  39  3:24  Drone  
  41  3:28  Drone, Zergling x2  
  41  3:31  Zergling x2  
  45  3:41  Drone x2  
  46  3:52  Drone x4  
  46  3:54  Zergling x4  
  52  3:56  Overlord  
  52  3:58  Extractor  
  52  4:00  Extractor, Queen  
  53  4:08  Lair  
  53  4:19  Zergling x2  
  53  4:20  Zergling x2  
  53  4:22  Drone x3  
  53  4:23  Drone  
  59  4:30  Zergling x2  
  59  4:31  Queen  
  59  4:34  Drone  
  59  4:35  Drone, Spore Crawler  
  59  4:36  Drone  
  59  4:38  Queen  
  65  4:45  Spore Crawler  
  65  4:49  Zergling x4  
  65  4:50  Overlord x2  
  65  4:51  Overlord  
  66  5:10  Overseer  
  64  5:20  Drone x9  
  64  5:21  Drone x7  
  72  5:29  Drone  
  72  5:30  Queen, Evolution Chamber  
  72  5:31  Evolution Chamber  
  72  5:33  Zergling x10  
  78  5:41  Baneling Nest, Extractor  
  78  5:42  Extractor  
  75  5:46  Zergling x2  
  75  5:47  Drone x2  
  75  5:48  Drone  
  79  5:52  Drone  
  79  5:53  Drone  
  81  5:59  Drone x3  
  81  6:00  Zerg Ground Armor Level 1, Zerg Melee Weapons Level 1  
  83  6:12  Drone  
  83  6:14  Extractor  
  83  6:17  Hatchery  
  82  6:19  Zergling x2  
  82  6:20  Zergling x12, Hydralisk Den  
  82  6:22  Overlord  
  88  6:26  Hatchery  
  88  6:29  Centrifical Hooks  
  88  6:31  Drone x2  
  89  6:48  Overlord  
  89  6:51  Muscular Augments, Overlord  
  89  6:52  Hydralisk x4, Overlord  
  97  6:57  Drone  
  98  7:05  Overlord x4  
  98  7:07  Baneling x3  
  98  7:08  Baneling x2  
  98  7:09  Baneling x4  
  98  7:13  Overlord  
  98  7:14  Hydralisk x4  
  106  7:19  Hydralisk x2  
  110  7:36  Hydralisk x5  
  120  7:37  Hydralisk  
  120  7:38  Zergling x10  
  127  7:46  Drone  
  127  7:47  Drone x2, Infestation Pit  
  127  7:48  Drone x4  
  133  7:54  Drone x3, Extractor  
  133  7:55  Drone  
  136  8:03  Zergling x6  
  136  8:04  Zergling x10  
  136  8:05  Baneling x2  
  144  8:06  Baneling  
  144  8:07  Baneling  
  144  8:18  Baneling x4  
  144  8:20  Zergling x16  
  144  8:21  Zergling x2  
  144  8:22  Zergling x2, Overseer  
  144  8:24  Overseer  
  154  8:31  Hive  
  154  8:39  Overlord x2  
  154  8:40  Zergling x12  
  154  8:41  Zergling x6  
  163  8:52  Overlord  
  163  8:55  Zerg Melee Weapons Level 2  
  163  8:56  Zerg Ground Armor Level 2  
  161  9:04  Drone  
  161  9:09  Baneling  
  161  9:10  Baneling  
  161  9:15  Zergling x8  
  161  9:16  Zergling x34  
  182  9:23  Zergling x2  
  182  9:24  Zergling x10  
  188  9:25  Baneling x7  
  188  9:26  Overlord  
  187  9:59  Adrenal Glands  
  187  10:00  Ultralisk Cavern  
  187  10:06  Extractor  
  185  10:10  Drone x4  
  185  10:11  Drone x2  
  185  10:13  Overlord  
  191  10:14  Baneling x2  
  191  10:15  Zergling x12  
  191  10:17  Hatchery  
  194  10:35  Hatchery  
  193  10:36  Spire  
  190  11:09  Chitinous Plating  
  190  11:10  Ultralisk  
  196  11:52  Zerg Melee Weapons Level 3, Zerg Ground Armor Level 3  
  196  11:55  Greater Spire  
  191  12:30  Ultralisk x2  
  191  12:31  Overlord x2  
  191  12:32  Overlord  
  191  12:58  Corruptor x7  
  186  13:02  Overseer  
  188  13:29  Zergling x4  
  188  13:30  Zergling x22  
  188  13:31  Spore Crawler  
  188  13:34  Spine Crawler  
  198  13:37  Spine Crawler, Drone x3  
  198  13:40  Spore Crawler  
  198  13:43  Drone  
  199  14:02  Zergling x28  
  195  14:08  Hatchery  
  190  14:11  Spire  
  189  14:21  Viper  
  189  14:22  Viper x2  
  198  14:31  Drone  
  198  14:39  Drone  
  198  14:46  Drone  
  199  15:18  Baneling x17  
  190  15:24  Zergling x2  
  190  15:25  Zergling x22  
  190  15:27  Greater Spire  
  191  15:47  Viper  
  192  16:21  Corruptor x3  
  196  16:35  Drone  
  196  16:36  Drone x2  
  197  16:58  Hatchery, Spore Crawler  
  197  17:01  Baneling x12  
  173  17:18  Brood Lord x7  
  173  17:20  Overlord  
  173  17:21  Overlord x3  
  187  17:27  Overlord  
  187  17:28  Overlord  
  187  17:35  Spine Crawler, Drone  
  187  17:36  Drone  
  188  17:40  Drone x3  
  188  17:42  Extractor x2  
  185  17:51  Corruptor x4  
  185  17:58  Zergling x22  
  172  18:01  Corruptor x6  
  173  18:19  Corruptor  
  147  18:20  Viper x2, Corruptor  
  147  18:22  Overseer x2  
  147  18:26  Zergling x2  
  152  18:27  Zergling x46  
  152  18:28  Zergling x2  
  152  18:30  Zergling x16  
  152  18:33  Baneling x11  
  152  18:34  Baneling x11  
  162  18:36  Zergling x2  
  162  18:37  Zergling x4  
  162  18:38  Brood Lord x5  
  175  18:42  Drone, Extractor  
  175  18:43  Extractor, Zergling x2  
  175  18:44  Zergling x6  
  178  19:10  Overseer  
  178  19:11  Overseer  
  178  19:13  Zergling x2  
  178  19:14  Zergling x44  
  196  19:19  Overseer  
  196  19:20  Overseer  
  184  19:35  Ultralisk x2, Zergling x2  
  184  19:36  Ultralisk, Zergling x10  
  175  19:39  Zergling x10  
  162  19:46  Ultralisk x2, Zergling x2  
  162  19:47  Zergling x2  
  162  19:51  Brood Lord x2  
  169  20:00  Zergling x10  
  169  20:01  Zergling x12  
  166  20:08  Ultralisk  
  163  20:15  Zergling x16  
  171  20:24  Drone  
  172  20:30  Baneling x18  
  172  20:31  Hatchery, Brood Lord  
  172  20:33  Extractor  
  172  20:34  Zergling x2  
  172  20:35  Zergling x20  
  183  20:58  Overlord x5  
  183  21:00  Overseer  
  182  21:11  Baneling x2  
  182  21:12  Baneling x4  
  182  21:21  Viper x2  
  188  21:25  Extractor  
  188  21:27  Drone  
  188  21:28  Drone x4  
  188  21:29  Drone  
  187  21:40  Zergling x16  
  187  21:41  Zergling x8  
  191  22:05  Hatchery  
  190  22:22  Zergling x24  
  199  22:36  Baneling x6  
  199  22:37  Baneling x6  
  182  22:41  Zergling x4  
  182  22:42  Zergling x10  
  174  22:55  Zergling x16  
  159  23:08  Corruptor x3  
  155  23:15  Queen  
  139  23:22  Corruptor x3  
  139  23:25  Overseer x3  
  133  23:28  Hatchery  
  133  23:31  Zergling x14  
  133  23:32  Zergling x2  
  135  23:38  Zergling x6  
  136  23:46  Zergling x4  
  137  23:53  Overlord, Queen  
  115  24:16  Zergling x24  
  115  24:17  Zergling x4  
  125  24:35  Corruptor x6  
  137  24:38  Queen  
  137  24:39  Queen  
  137  24:41  Queen  
  140  25:02  Baneling x2  
  140  25:03  Baneling x6  
  140  25:05  Zergling x6  
  140  25:06  Zergling x16  
  145  25:15  Overseer  
  145  25:16  Overseer  
  145  25:19  Drone x2  
  145  25:20  Drone  
  146  25:42  Ultralisk, Zergling x2  
  145  25:43  Zergling x4  
  146  26:04  Zergling x4  
  146  26:05  Overlord  
  146  26:06  Overlord x4  
  138  26:27  Hatchery  
  137  26:43  Zergling x2  
  137  26:44  Zergling x30  
  153  26:52  Overseer x2  
  131  27:08  Zergling x2  
  131  27:09  Zergling x18  
Tags
 
Add a new tag
Caveats
  • Supply blocks, unpowered buildings, or Contaminate may cause inaccurate times.
  • Supply counts are checked every 10 seconds.